[Event "Titled Tuesday Blitz June 21 Early 2022"]
[White "Borgaonkar Akshay"]
[Black "Mangialardo, Tiago Carvalho"]
[WhiteFideId "25639110"]
[BlackFideId "2130718"]
[WhiteElo "1660"]
[BlackElo "2099"]
[Result "1-0"]
[Round "04"]
[TimeControl "180+1"]
[Date "2022.06.21"]
[WhiteClock "0:00:24"]
[BlackClock "0:00:01"]

1. e4 e5 2. Nf3 Nc6 3. Bb5 a6 4. Ba4 Nf6 5. d3 Be7 6. c4 d6 7. Nc3 O-O 8. h3 Nd4 9. Nxd4 exd4 10. Ne2 c5 11. O-O Bd7 12. Bxd7 Qxd7 13. f4 b5 14. b3 Qc7 15. Ng3 Bd8 16. Nf5 g6 17. Nh6+ Kg7 18. f5 Ng8 19. Qd2 g5 20. Nxg8 Rxg8 21. Qf2 Bf6 22. Qf3 Qe7 23. Qh5 h6 24. Kh1 Qe5 25. Qg4 Kf8 26. Qh5 Rh8 27. Bd2 Ke7 28. Qf3 Kd7 29. g3 h5 30. Qf2 Rag8 31. Kg2 g4 32. h4 Ra8 33. Bf4 Qe7 34. Rfe1 Be5 35. Bxe5 Qxe5 36. Qf4 f6 37. Qxe5 dxe5 38. Rec1 Kc6 39. cxb5+ axb5 40. b4 Kb6 41. Rxc5 Rhc8 42. Rxc8 Rxc8 43. Rf1 Rc2+ 44. Rf2 Rc3 45. Rd2 Rc1 46. Kf2 Rb1 47. a3 Ra1 48. Rc2 Rxa3 49. Rc8 Rxd3 50. Rf8 Rd2+ 51. Ke1 Rg2 52. Rxf6+ Kb7 53. Rf7+ Kb6 54. Re7 Rxg3 55. Rxe5 Kc6 56. Re6+ Kd7 57. e5 Rf3 58. Rd6+ Ke7 59. f6+ Ke8 60. Rxd4 Re3+ 61. Kf2 Rxe5 62. Rd6 Kf7 63. Rb6 Rf5+ 64. Ke3 Kg6 65. Ke4 Rf3 66. Rxb5 Rxf6 67. Rg5+ Kh6 68. b5 Rf7 69. Kd5 1-0


[Site "https://www.chess.com"]

[Event "Titled Tuesday Blitz June 21 Early 2022"]
[White "Boyer, Mahel"]
[Black "Sadykov, Ramil"]
[WhiteFideId "45102422"]
[BlackFideId "24113590"]
[WhiteElo "2400"]
[BlackElo "2226"]
[Result "1-0"]
[Round "04"]
[TimeControl "180+1"]
[Date "2022.06.21"]
[WhiteClock "0:00:13"]
[BlackClock "0:00:02"]

1. e4 c5 2. Nf3 Nc6 3. b4 Nxb4 4. c3 Nc6 5. d4 cxd4 6. cxd4 d5 7. exd5 Qxd5 8. Nc3 Qa5 9. d5 Qxc3+ 10. Bd2 Qc5 11. dxc6 bxc6 12. Rc1 Qd6 13. Bc4 Nf6 14. O-O e6 15. Qa4 Bd7 16. Rfd1 Be7 17. Bh6 Qc7 18. Bxg7 Rg8 19. Bxf6 Bxf6 20. Bd3 Rb8 21. Bxh7 Rg7 22. Be4 Rb6 23. h4 c5 24. Qa5 c4 25. h5 c3 26. h6 Rg4 27. Qh5 Rxe4 28. h7 Ke7 29. h8=Q Bxh8 30. Qxh8 c2 31. Rf1 1-0


[Site "https://www.chess.com"]

[Event "Titled Tuesday Blitz June 21 Early 2022"]
[White "Carrasco Miranda, Andres"]
[Black "Kalaiyalahan, Akshaya"]
[WhiteFideId "3405990"]
[BlackFideId "422894"]
[WhiteElo "2177"]
[BlackElo "1913"]
[Result "1-0"]
[Round "04"]
[TimeControl "180+1"]
[Date "2022.06.21"]
[WhiteClock "0:01:52"]
[BlackClock "0:00:20"]

1. d4 d5 2. c4 c6 3. Nf3 Nf6 4. e3 Bf5 5. Nc3 e6 6. Nh4 Bg6 7. Be2 Nbd7 8. g3 Bd6 9. O-O O-O 10. Nxg6 hxg6 11. Qc2 dxc4 12. Bxc4 e5 13. Rd1 exd4 14. Rxd4 Bc5 15. Rd1 Kh7 16. Ne4 Nxe4 17. Qxe4 Qc7 18. b3 Rae8 19. Qh4+ Kg8 20. Bb2 Ne5 21. Be2 Re7 22. Rac1 Bb6 23. Ba3 c5 24. Rd5 Rd8 25. Rxd8+ Qxd8 26. Rd1 Qc7 27. Bb2 Qc6 28. Qxe7 1-0


[Site "https://www.chess.com"]

[Event "Titled Tuesday Blitz June 21 Early 2022"]
[White "Chernomordik, Pavel"]
[Black "Kozlov, Oleg"]
[WhiteFideId "2804530"]
[BlackFideId "4104544"]
[WhiteElo "2220"]
[BlackElo "2132"]
[Result "1-0"]
[Round "04"]
[TimeControl "180+1"]
[Date "2022.06.21"]
[WhiteClock "0:00:03"]
[BlackClock "0:00:07"]

1. e4 c6 2. Nc3 d5 3. Nf3 dxe4 4. Nxe4 Nf6 5. Qe2 Nxe4 6. Qxe4 Qd5 7. Qh4 Qe6+ 8. Be2 Qg6 9. O-O Qxc2 10. Re1 Qf5 11. Bc4 e6 12. Re5 Qf6 13. Qg3 Bd6 14. d4 Bxe5 15. Nxe5 h6 16. Ng4 Qxd4 17. Ne5 Nd7 18. Nxd7 Qd1+ 19. Bf1 Bxd7 20. Qxg7 O-O-O 21. Bf4 Qd5 22. Rd1 Qf5 23. Bg3 Rhg8 24. Qd4 Qa5 25. Qd6 Rxg3 26. Qxg3 Qg5 27. Qa3 a5 28. h4 Qe5 29. Qe7 f5 30. b3 Qc7 31. Bc4 e5 32. Rxd7 Rxd7 33. Be6 Qd8 34. Qg7 e4 35. Qxh6 Kc7 36. Bxd7 Qxd7 37. Qf4+ Kb6 38. Qe3+ c5 39. g3 Kc6 40. Kg2 Qd1 41. Qf4 Qh5 42. Qg5 Qxg5 43. hxg5 Kd6 44. g4 Ke5 45. g6 Kf6 46. gxf5 b5 47. Kg3 c4 48. bxc4 bxc4 49. Kf4 c3 50. Ke3 a4 51. Ke2 Kg7 52. Kd1 Kf6 53. Kc2 e3 54. fxe3 Kg7 55. e4 Kf6 56. Kxc3 1-0


[Site "https://www.chess.com"]

[Event "Titled Tuesday Blitz June 21 Early 2022"]
[White "Ciuffoletti, Paolo"]
[Black "Krallis, Christos"]
[WhiteFideId "807630"]
[BlackFideId "4298896"]
[WhiteElo "2143"]
[BlackElo "2234"]
[Result "0-1"]
[Round "04"]
[TimeControl "180+1"]
[Date "2022.06.21"]
[WhiteClock "0:00:01"]
[BlackClock "0:00:22"]

1. e4 e5 2. Nf3 Nf6 3. Bc4 Nc6 4. d4 exd4 5. Ng5 Ne5 6. Bb3 h6 7. f4 hxg5 8. fxe5 Nxe4 9. Qxd4 Nc5 10. Be3 Ne6 11. Bxe6 dxe6 12. Qxd8+ Kxd8 13. Bxg5+ Be7 14. Bf4 Bd7 15. Nc3 Bc6 16. O-O-O+ Ke8 17. Rd2 g5 18. Bg3 g4 19. Re1 Bg5 20. Ne4 Bxe4 21. Rxe4 Rd8 22. Bf4 Rxd2 23. Kxd2 Bxf4+ 24. Rxf4 Rxh2 25. Rxg4 Rh5 26. Re4 Rg5 27. g4 Rg7 28. Ke3 Rh7 29. Kf3 Rh3+ 30. Kg2 Rh7 31. a4 a5 32. Kg3 Rh1 33. Rc4 c6 34. Rc5 Rb1 35. b3 Rc1 36. Kf4 Kd7 37. Kg5 b6 38. Rc4 Rf1 39. Rf4 Re1 40. Rxf7+ Ke8 41. Rb7 Rxe5+ 42. Kf4 Re2 43. c4 Rf2+ 44. Ke3 Rf1 45. Rxb6 Kd7 46. c5 e5 47. Ke4 Re1+ 48. Kf5 e4 49. Rb7+ Kd8 50. Ke6 e3 51. Rd7+ Kc8 52. Rd3 e2 53. Rd2 Kc7 54. g5 Rg1 55. Rxe2 Rxg5 56. Rc2 Rg3 57. Rf2 Re3+ 58. Kf7 Rxb3 59. Re2 Rc3 60. Re7+ Kb8 61. Re5 Rc4 62. Ke7 Rd4 63. Re6 Kc7 64. Rd6 Re4+ 65. Kf6 Rxa4 66. Ke7 Re4+ 67. Kf6 Rc4 68. Re6 Rxc5 69. Re7+ Kb6 70. Re4 a4 71. Rxa4 Kb5 72. Ra2 Rd5 73. Ke6 Rd1 74. Rb2+ Ka4 75. Ra2+ Kb3 76. Ra6 c5 77. Rb6+ Kc3 78. Rc6 c4 79. Ke5 Kb3 80. Rb6+ Kc2 81. Ke4 Rd8 82. Ke3 c3 83. Ke2 Kc1 84. Ke1 c2 85. Rb5 Re8+ 86. Kf2 Re4 0-1


[Site "https://www.chess.com"]

[Event "Titled Tuesday Blitz June 21 Early 2022"]
[White "Costachi, Mihnea"]
[Black "Hakobyan, Aram"]
[WhiteFideId "1217518"]
[BlackFideId "13306677"]
[WhiteElo "2476"]
[BlackElo "2557"]
[Result "1/2-1/2"]
[Round "04"]
[TimeControl "180+1"]
[Date "2022.06.21"]
[WhiteClock "0:00:49"]
[BlackClock "0:00:09"]

1. d4 Nf6 2. c4 e6 3. Nf3 b6 4. g3 Bb7 5. Bg2 g6 6. O-O Bg7 7. b3 O-O 8. Bb2 a5 9. a3 d6 10. Nc3 Ne4 11. Nxe4 Bxe4 12. Bh3 Bxf3 13. exf3 c6 14. Qd2 d5 15. f4 a4 16. cxd5 cxd5 17. Bc3 Nc6 18. b4 Na7 19. Rfc1 Nb5 20. Bf1 Nd6 21. b5 Ne4 22. Qd1 Nxc3 23. Rxc3 Qf6 24. Rd3 Rfc8 25. Rc1 Rc4 26. Rxc4 dxc4 27. Rc3 Qxd4 28. Qxd4 Bxd4 29. Rxc4 Bc5 30. Bd3 Rd8 31. Be2 Rd2 32. Kf1 Bxa3 33. Rxa4 Bc5 34. h4 h5 35. Ra1 Rb2 36. Rd1 Kf8 37. Rd7 Kg7 38. Rd8 Kf6 39. Rd1 Ke7 40. Ra1 Bd4 41. Ra7+ Kf6 42. Rd7 Bc5 43. Rc7 Rd2 44. Rb7 Ra2 45. Rc7 Rb2 46. Rb7 Kg7 47. Rc7 Ra2 48. Rb7 Kf8 49. Rc7 Ke8 50. Rb7 Rc2 51. Rc7 Rc3 52. Ra7 Bd6 53. Rb7 Bc7 54. Ra7 Kd8 55. Kg2 Rb3 56. Bc4 Rb4 57. Be2 Rb2 58. Bd3 Kd7 59. Kf3 Kd6 60. Kg2 Rb3 61. Bc4 Rc3 62. Be2 Ke7 63. Bf3 Rc5 64. Bc6 Kd6 65. Ra2 Ke7 66. Rd2 Bd6 67. Ra2 Kf6 68. Ra7 Rc2 69. Be8 Rc7 70. Ra6 Bc5 71. Bc6 Re7 72. Ra4 Kg7 73. Re4 Ra7 74. Re2 Ra5 75. Rd2 Kf6 76. Be8 Ke7 77. Bc6 Ra3 78. Rd7+ Kf6 79. Rd2 Rb3 80. Re2 Rb4 81. Rd2 Rb1 82. Rc2 Rd1 83. Ra2 Rc1 84. Kf3 Rc3+ 1/2-1/2


[Site "https://www.chess.com"]

[Event "Titled Tuesday Blitz June 21 Early 2022"]
[White "Coto Mederos, Michel"]
[Black "Todorovic, Bojan"]
[WhiteFideId "3508528"]
[BlackFideId "917087"]
[WhiteElo "2427"]
[BlackElo "2266"]
[Result "0-1"]
[Round "04"]
[TimeControl "180+1"]
[Date "2022.06.21"]
[WhiteClock "0:00:05"]
[BlackClock "0:00:03"]

1. d4 d5 2. Nf3 Nf6 3. Bf4 Bf5 4. e3 e6 5. c4 Bxb1 6. Rxb1 Bb4+ 7. Ke2 O-O 8. a3 Bd6 9. Ne5 dxc4 10. f3 Nd5 11. Bg3 c3 12. e4 Nb6 13. bxc3 Bxa3 14. Kf2 N8d7 15. Be2 Nxe5 16. Bxe5 f6 17. Bg3 Qe7 18. c4 Bd6 19. c5 Bxg3+ 20. hxg3 Nd7 21. Rxb7 Nxc5 22. dxc5 Qxc5+ 23. Kf1 Rab8 24. Rxb8 Rxb8 25. g4 a5 26. Rh5 e5 27. g5 c6 28. gxf6 gxf6 29. g3 a4 30. Bd3 a3 31. f4 a2 32. fxe5 Qc3 33. Qg4+ Kf8 34. Qe2 a1=Q+ 35. Kg2 Rb2 36. exf6 Rxe2+ 37. Bxe2 Qe3 38. Bf3 Qb2+ 39. Kh3 Qxf3 40. Rf5 Qbg2+ 41. Kh4 Qgxg3# 0-1


[Site "https://www.chess.com"]

[Event "Titled Tuesday Blitz June 21 Early 2022"]
[White "Cramling Bellon, Anna"]
[Black "Shton, Roman"]
[WhiteFideId "32009232"]
[BlackFideId "14137461"]
[WhiteElo "1905"]
[BlackElo "2013"]
[Result "1/2-1/2"]
[Round "04"]
[TimeControl "180+1"]
[Date "2022.06.21"]
[WhiteClock "0:00:07"]
[BlackClock "0:00:47"]

1. d4 Nf6 2. c4 e6 3. Nc3 Bb4 4. Qc2 O-O 5. a3 Bxc3+ 6. Qxc3 d5 7. Bg5 dxc4 8. Qxc4 b6 9. Qc2 Qxd4 10. Nf3 Qe4 11. Qxc7 Ba6 12. Qf4 Nc6 13. Qxe4 Nxe4 14. Bf4 Na5 15. e3 Bxf1 16. Kxf1 Rfd8 17. Ke2 Rac8 18. Rac1 Nb3 19. Rxc8 Rxc8 20. Rd1 f6 21. Bg3 Nxg3+ 22. hxg3 Rc2+ 23. Ke1 Rxb2 24. Rd8+ Kf7 25. Rd7+ Kg6 26. Rxa7 Nc5 27. Nd2 Nd3+ 28. Ke2 Nxf2 29. Kxf2 Rxd2+ 30. Kf3 e5 31. Rb7 Rb2 32. a4 Rb4 33. g4 h6 34. g3 Kh7 35. Rb8 Kg6 36. Rb7 e4+ 37. Kf4 Rxa4 38. Rxb6 Kh7 39. Re6 Kg6 40. Rxe4 Rxe4+ 41. Kxe4 Kg5 42. Kf3 g6 43. e4 h5 44. gxh5 Kxh5 45. Kf4 Kh6 46. g4 Kg7 47. g5 Kf7 48. gxf6 Kxf6 49. e5+ Ke6 50. Kg5 Kf7 51. e6+ Kxe6 52. Kxg6 1/2-1/2


[Site "https://www.chess.com"]

[Event "Titled Tuesday Blitz June 21 Early 2022"]
[White "Csonka, Balazs"]
[Black "Gracia Alvarez, Gerardo Antonio"]
[WhiteFideId "742910"]
[BlackFideId "5109124"]
[WhiteElo "2737"]
[BlackElo "2557"]
[Result "0-1"]
[Round "04"]
[TimeControl "180+1"]
[Date "2022.06.21"]
[WhiteClock "0:00:03"]
[BlackClock "0:00:11"]

1. d4 Nf6 2. Bg5 g6 3. Bxf6 exf6 4. g3 d5 5. Bg2 c6 6. e3 Bd6 7. Nd2 Nd7 8. Ne2 f5 9. c4 dxc4 10. Nxc4 Bc7 11. Rc1 Nf6 12. b4 a6 13. O-O O-O 14. Nf4 Qe7 15. Rb1 Rd8 16. a4 Ne4 17. Qc2 Be6 18. Nxe6 Qxe6 19. Rfc1 Rac8 20. Nd2 Re8 21. Nxe4 fxe4 22. b5 cxb5 23. Qb3 Qxb3 24. Rxb3 Bd6 25. Rxc8 Rxc8 26. axb5 Rc1+ 27. Bf1 a5 28. b6 a4 29. Rb5 a3 30. Ra5 Rc2 31. Bg2 a2 32. Bf1 Bb4 33. Ra8+ Kg7 34. Kg2 Bc3 0-1


[Site "https://www.chess.com"]

[Event "Titled Tuesday Blitz June 21 Early 2022"]
[White "D`Arruda, Ricardo D."]
[Black "Cherniaiev, Tykhon"]
[WhiteFideId "100692"]
[BlackFideId "14182360"]
[WhiteElo "2514"]
[BlackElo "2289"]
[Result "0-1"]
[Round "04"]
[TimeControl "180+1"]
[Date "2022.06.21"]
[WhiteClock "0:00:03"]
[BlackClock "0:00:18"]

1. d4 Nf6 2. Nf3 e6 3. Nc3 d5 4. Bg5 Be7 5. Bxf6 Bxf6 6. e4 dxe4 7. Nxe4 O-O 8. Bc4 Re8 9. Qe2 a6 10. O-O-O Nc6 11. Nxf6+ Qxf6 12. Ne5 b5 13. Nxc6 bxc4 14. Ne5 Bb7 15. Nxc4 Rad8 16. c3 Bxg2 17. Ne5 Bxh1 18. Rxh1 c5 19. dxc5 Rd5 20. Nd3 Red8 21. Rd1 Qf5 22. Kc2 Rxc5 23. f4 Rcd5 24. Qe3 Qg4 25. Rd2 Qg6 26. c4 Rd4 27. b3 a5 28. Kc3 Re4 29. Qb6 Qf6+ 30. Kc2 a4 31. c5 axb3+ 32. axb3 Red4 33. Qb5 Qf5 34. Kc3 h5 35. b4 Qd5 36. Qa6 Kh7 37. h4 Rxf4 38. c6 Qd6 39. b5 Rd4 40. b6 Qxc6+ 41. Kb2 Rb8 42. Nb4 Rxb4+ 0-1


[Site "https://www.chess.com"]

[Event "Titled Tuesday Blitz June 21 Early 2022"]
[White "Daeschler, Florian"]
[Black "Lorne, Ras Malaku"]
[WhiteFideId "20678193"]
[BlackFideId "7400330"]
[WhiteElo "2221"]
[BlackElo "2199"]
[Result "1-0"]
[Round "04"]
[TimeControl "180+1"]
[Date "2022.06.21"]
[WhiteClock "0:00:20"]
[BlackClock "0:00:12"]

1. Nf3 c5 2. e4 d6 3. Bb5+ Bd7 4. Bxd7+ Qxd7 5. O-O Nc6 6. c3 Nf6 7. d4 cxd4 8. cxd4 Nxe4 9. d5 Nb8 10. Re1 Nf6 11. Bg5 Ng8 12. Nc3 h6 13. Bh4 g5 14. Bg3 Bg7 15. Ne4 Kf8 16. Rc1 Na6 17. Nd4 Nf6 18. Nc3 Ne8 19. a3 Bf6 20. b4 Kg7 21. Qd3 Bxd4 22. Qxd4+ Nf6 23. Ne4 b6 24. Nxf6 exf6 25. Rc6 Rhe8 26. Rf1 Re5 27. f4 Rf5 28. fxg5 hxg5 29. Re1 Re8 30. Rxe8 Qxe8 31. h3 Nc7 32. Rxc7 Qa4 33. Bxd6 Qxa3 34. Kh2 Qb3 35. Bg3 Rxd5 36. Qc4 Qd1 37. Rxa7 b5 38. Qc7 Kg6 39. Qxf7+ Kf5 40. Qh7+ Ke6 41. Re7# 1-0


[Site "https://www.chess.com"]

[Event "Titled Tuesday Blitz June 21 Early 2022"]
[White "De Souza, Cristiano Gomes"]
[Black "Clarke, Brandon G I"]
[WhiteFideId "2151758"]
[BlackFideId "400319"]
[WhiteElo "2068"]
[BlackElo "2414"]
[Result "0-1"]
[Round "04"]
[TimeControl "180+1"]
[Date "2022.06.21"]
[WhiteClock "0:00:16"]
[BlackClock "0:00:08"]

1. d4 Nf6 2. c4 g6 3. Nc3 Bg7 4. e4 d6 5. Nf3 O-O 6. Be2 e5 7. O-O Na6 8. d5 Nc5 9. Nd2 a5 10. Qc2 c6 11. b3 cxd5 12. cxd5 Bd7 13. Nc4 Ne8 14. Be3 Rc8 15. a4 f5 16. f3 Qc7 17. Nb5 Bxb5 18. axb5 b6 19. Rac1 Nf6 20. exf5 Nxd5 21. fxg6 Nxe3 22. gxh7+ Kh8 23. Nxe3 Bh6 24. Qc3 Qxh7 25. Rcd1 Ne6 26. Qd3 Nd4 27. Ng4 Bg5 28. Rfe1 Qxd3 29. Rxd3 Nxb5 30. Rd5 Rc5 31. Rxc5 bxc5 32. Bxb5 Rb8 33. Bc4 Rb4 34. Rd1 a4 35. Rxd6 axb3 36. Bxb3 Rxb3 37. Rd5 c4 38. Rxe5 Bd2 39. Kf1 Rb2 40. Rc5 c3 41. Ne5 Ra2 42. Nd3 Kg7 43. Ke2 Kf6 44. Nb4 Rb2 45. Nd3 Ra2 46. Nb4 Ra1 47. Kd3 Ke6 48. Nc2 Rg1 49. Rc4 Rxg2 50. Re4+ Kd5 51. Re2 Rg1 52. Ne3+ Kc5 53. Nd1 Kb4 54. Kc2 Rh1 55. Rxd2 cxd2 56. Kxd2 Rxh2+ 57. Kd3 Kc5 58. Ne3 Kd6 59. f4 Ke6 60. Ke4 Ra2 61. f5+ Kf7 62. Kf4 Ra4+ 63. Ke5 Ra5+ 64. Nd5 Rb5 65. f6 Rb1 66. Kd6 Re1 67. Kc5 Ke6 68. Nc3 Kxf6 69. Kc4 Ke5 70. Nb5 Rc1+ 71. Nc3 Rh1 72. Kd3 Rh8 73. Kc4 Rc8+ 74. Kd3 Rc7 75. Ne2 Rh7 76. Ke3 Rh3+ 77. Kf2 Ra3 78. Nc1 Ke4 79. Ne2 Ra2 80. Ke1 Ke3 81. Nc3 Ra1+ 82. Nd1+ Kd3 83. Kf2 Rxd1 84. Kf3 Rf1+ 85. Kg2 Rf4 86. Kg3 Ke3 0-1


[Site "https://www.chess.com"]

[Event "Titled Tuesday Blitz June 21 Early 2022"]
[White "Devaev, Alexander"]
[Black "Yuan, Qingyu"]
[WhiteFideId "4169395"]
[BlackFideId "8609772"]
[WhiteElo "2185"]
[BlackElo "2359"]
[Result "0-1"]
[Round "04"]
[TimeControl "180+1"]
[Date "2022.06.21"]
[WhiteClock "0:00:07"]
[BlackClock "0:00:59"]

1. d4 d5 2. Nf3 Nf6 3. c4 e6 4. Nc3 a6 5. cxd5 exd5 6. Bg5 Be6 7. e3 Nbd7 8. Bd3 Bd6 9. Qc2 c6 10. O-O h6 11. Bh4 Qc7 12. Bg3 Bxg3 13. hxg3 O-O 14. Na4 Bg4 15. Rfc1 Rfe8 16. Nc5 Nxc5 17. Qxc5 Bxf3 18. gxf3 Rxe3 19. fxe3 Qxg3+ 20. Kf1 Qxf3+ 21. Ke1 Qxe3+ 22. Be2 Qg1+ 23. Kd2 Ne4+ 24. Kc2 Qe3 25. Qb4 Qxe2+ 26. Kb3 Nd2+ 27. Ka4 b5+ 28. Ka3 Nc4+ 29. Rxc4 Qxc4 30. Qxc4 dxc4 0-1


[Site "https://www.chess.com"]

[Event "Titled Tuesday Blitz June 21 Early 2022"]
[White "Do Nascimento,Christian Almeida"]
[Black "Dwilewicz, Katarzyna"]
[WhiteFideId "2143801"]
[BlackFideId "1148486"]
[WhiteElo "2085"]
[BlackElo "1907"]
[Result "0-1"]
[Round "04"]
[TimeControl "180+1"]
[Date "2022.06.21"]
[WhiteClock "0:00:23"]
[BlackClock "0:00:38"]

1. d4 d5 2. Nf3 Nf6 3. c4 dxc4 4. e3 e6 5. Bxc4 c5 6. O-O a6 7. a4 Nc6 8. Nc3 Be7 9. dxc5 Qxd1 10. Rxd1 Bxc5 11. e4 h6 12. Bf4 g5 13. Bd6 Bxd6 14. Rxd6 Ke7 15. Rad1 Rd8 16. e5 Ne8 17. Rxd8 Nxd8 18. Nd4 b6 19. b4 Bb7 20. b5 a5 21. Bd3 Rc8 22. Ne4 Bd5 23. Ne2 Bb3 24. Ra1 Nb7 25. h4 gxh4 26. Nd4 Bd5 27. f4 Nc5 28. Nxc5 bxc5 29. Nc2 c4 30. Be2 Ng7 31. Ne3 Nf5 32. Nxf5+ exf5 33. Rc1 Rg8 34. Bxc4 Rxg2+ 35. Kf1 Be4 36. Bd3 Rb2 37. Bxe4 fxe4 38. Rc7+ Ke6 39. Rc6+ Kf5 40. Rf6+ Kg4 41. Rxf7 Kf3 42. Kg1 e3 43. Rc7 Rb1+ 44. Kh2 e2 0-1


[Site "https://www.chess.com"]

[Event "Titled Tuesday Blitz June 21 Early 2022"]
[White "Dobre, Claudiu-Cristian"]
[Black "Li, Zhuoling"]
[WhiteFideId "1211854"]
[BlackFideId "8605629"]
[WhiteElo "2207"]
[BlackElo "2312"]
[Result "1-0"]
[Round "04"]
[TimeControl "180+1"]
[Date "2022.06.21"]
[WhiteClock "0:01:02"]
[BlackClock "0:00:01"]

1. c4 Nf6 2. Nc3 d5 3. cxd5 Nxd5 4. e4 Nxc3 5. dxc3 Qxd1+ 6. Kxd1 e5 7. Be3 Be6 8. Nf3 Nd7 9. Ng5 Bg4+ 10. f3 Bh5 11. g4 Bg6 12. h4 h6 13. Nh3 h5 14. g5 Bc5 15. Bxc5 Nxc5 16. Bc4 Rd8+ 17. Ke2 c6 18. a4 Ke7 19. Rhg1 b6 20. b4 Ne6 21. Bxe6 Kxe6 22. Nf2 f5 23. gxf6 Kxf6 24. Rg5 Bf7 25. Ke3 Rd6 26. Rf5+ Ke6 27. Nd3 g6 28. Rg5 Rhd8 29. Nxe5 Kf6 30. a5 b5 31. Rag1 Be8 32. Kf4 Ke7 33. Nxg6+ Bxg6 34. Rxg6 Rf8+ 35. Ke3 Rxg6 36. Rxg6 Rf7 37. Rxc6 Kd8 38. Rc5 a6 39. Rxh5 1-0


[Site "https://www.chess.com"]

[Event "Titled Tuesday Blitz June 21 Early 2022"]
[White "Dobrikov, Marco"]
[Black "Bachmann, Axel"]
[WhiteFideId "12950378"]
[BlackFideId "3700488"]
[WhiteElo "2101"]
[BlackElo "2587"]
[Result "0-1"]
[Round "04"]
[TimeControl "180+1"]
[Date "2022.06.21"]
[WhiteClock "0:01:28"]
[BlackClock "0:00:27"]

1. e4 c5 2. Nf3 e6 3. d4 cxd4 4. Nxd4 Nc6 5. Nc3 Qc7 6. Be3 a6 7. Bd3 Nf6 8. O-O h5 9. h3 b5 10. Nxc6 Qxc6 11. e5 Bb7 12. f3 Nd5 13. Be4 Nxc3 14. Bxc6 Nxd1 15. Bxb7 Nxe3 16. Bxa8 Bc5 17. Kh1 Nxf1 18. Rxf1 Ke7 19. Bb7 Rb8 20. Be4 Bd4 21. f4 Bxb2 22. Rd1 Rc8 23. g3 Rc4 24. Bd3 Ra4 25. h4 Rxa2 26. Kg2 g6 27. Kf3 Ra1 28. Rxa1 Bxa1 29. c4 b4 30. Bc2 Bd4 31. g4 d6 32. gxh5 gxh5 33. Ke4 Bf2 34. Bd1 Bxh4 35. Bxh5 b3 36. Bd1 b2 37. Bc2 dxe5 38. fxe5 Bf2 39. Bb1 a5 40. Kd3 a4 41. Kc3 a3 42. Kb4 Bd4 43. Kxa3 Bxe5 44. c5 f5 45. Kb4 f4 46. Kc4 f3 47. Kd3 Bd4 48. Ba2 e5 49. c6 Kd6 50. Ke4 f2 51. Kf3 f1=Q+ 0-1


[Site "https://www.chess.com"]

[Event "Titled Tuesday Blitz June 21 Early 2022"]
[White "Domingo Nunez, Ruben"]
[Black "Zhigalko, Sergei"]
[WhiteFideId "22245570"]
[BlackFideId "13502956"]
[WhiteElo "2376"]
[BlackElo "2662"]
[Result "0-1"]
[Round "04"]
[TimeControl "180+1"]
[Date "2022.06.21"]
[WhiteClock "0:00:04"]
[BlackClock "0:00:06"]

1. Nf3 d5 2. b3 Bf5 3. Bb2 e6 4. g3 h6 5. Bg2 Nf6 6. O-O Be7 7. d3 O-O 8. Nbd2 a5 9. a4 c6 10. Ne5 Nbd7 11. e4 Bh7 12. Qe2 Qb6 13. Nxd7 Nxd7 14. exd5 cxd5 15. Bxd5 Qc7 16. Rac1 Bf6 17. Bxf6 Nxf6 18. Bg2 Rfd8 19. Nc4 Nd5 20. Rfe1 Ra6 21. Qg4 Qc5 22. Re5 Bf5 23. Qh4 f6 24. Ree1 Rd7 25. Qh5 Rd8 26. Be4 Qc8 27. Bxf5 exf5 28. Re2 Re6 29. Rce1 Rxe2 30. Rxe2 f4 31. Nd6 Qc6 32. Qf7+ Kh7 33. Nf5 Rd7 34. Qe8 Rc7 35. Qe4 Kh8 36. c4 Nc3 37. Qxc6 Nxe2+ 38. Kf1 Nxg3+ 39. hxg3 Rxc6 40. gxf4 Rb6 41. Nd4 Rd6 42. Nb5 Rxd3 43. b4 axb4 44. c5 b3 45. Ke2 Rd5 46. Nc3 Rxc5 47. Kd2 h5 48. Ne4 Rc2+ 49. Kd3 h4 0-1


[Site "https://www.chess.com"]

[Event "Titled Tuesday Blitz June 21 Early 2022"]
[White "Dushyant Sharma"]
[Black "Wagner, Dennis"]
[WhiteFideId "25065130"]
[BlackFideId "24650684"]
[WhiteElo "2105"]
[BlackElo "2355"]
[Result "0-1"]
[Round "04"]
[TimeControl "180+1"]
[Date "2022.06.21"]
[WhiteClock "0:00:07"]
[BlackClock "0:00:22"]

1. e4 c5 2. Nf3 d6 3. d4 cxd4 4. Nxd4 Nf6 5. Nc3 a6 6. f4 e5 7. Nf3 Nbd7 8. Bd3 Qc7 9. O-O Be7 10. a4 Nc5 11. Kh1 b6 12. Qe1 Bb7 13. Bd2 O-O 14. b4 Nxd3 15. cxd3 Rfe8 16. Nh4 d5 17. Nf5 Bxb4 18. Nxd5 Nxd5 19. Bxb4 exf4 20. Bd6 Qd7 21. Bxf4 Nxf4 22. Rxf4 Qxd3 23. Ng3 Rad8 24. Qf2 Bxe4 25. Rxf7 Bg6 26. Rf3 Qd4 27. Qa2+ Kh8 28. Raf1 h6 29. Qb3 Kh7 30. h3 Rd6 31. Nf5 Bxf5 32. Rxf5 Re2 33. Rf8 Qd5 34. Qb1+ Qe4 35. Qxe4+ Rxe4 36. R8f4 Rdd4 37. Rxe4 Rxe4 38. Rb1 Re6 39. Kh2 Kg6 40. Kg3 Kf5 41. Kf3 Kf6 42. Kf4 g5+ 43. Kf3 Ke7 44. Rd1 Rd6 45. Rc1 Kd7 46. g3 b5 0-1


[Site "https://www.chess.com"]

[Event "Titled Tuesday Blitz June 21 Early 2022"]
[White "Eggleston, Thomas A"]
[Black "Lorente Serrano, Rosa Adela"]
[WhiteFideId "412139"]
[BlackFideId "32091982"]
[WhiteElo "2174"]
[BlackElo "1820"]
[Result "1-0"]
[Round "04"]
[TimeControl "180+1"]
[Date "2022.06.21"]
[WhiteClock "0:01:51"]
[BlackClock "0:01:32"]

1. e4 c5 2. Nf3 d6 3. Bb5+ Bd7 4. Bxd7+ Nxd7 5. O-O Ngf6 6. Re1 Qc7 7. a3 e6 8. b4 Be7 9. Bb2 O-O 10. d3 Rac8 11. c4 d5 12. e5 Nh5 13. cxd5 cxb4 14. d6 Bxd6 15. exd6 Qxd6 16. Ne5 Nf4 17. Nxd7 Qxd7 18. Qg4 Nxd3 19. Qxg7# 1-0


[Site "https://www.chess.com"]

[Event "Titled Tuesday Blitz June 21 Early 2022"]
[White "Einarsson, Halldor Gretar"]
[Black "Escudero Donoso, Felipe"]
[WhiteFideId "2300150"]
[BlackFideId "3410595"]
[WhiteElo "2114"]
[BlackElo "2184"]
[Result "0-1"]
[Round "04"]
[TimeControl "180+1"]
[Date "2022.06.21"]
[WhiteClock "0:00:01"]
[BlackClock "0:01:08"]

1. d4 Nf6 2. c4 e6 3. g3 d5 4. Nf3 Be7 5. Bg2 O-O 6. O-O c6 7. Qc2 b6 8. Nbd2 Bb7 9. e4 Na6 10. e5 Nd7 11. h4 c5 12. cxd5 Bxd5 13. Ne4 h6 14. Nc3 Bb7 15. Rd1 cxd4 16. Rxd4 Qc7 17. Qe2 Nac5 18. Rg4 Kh8 19. Bf4 Ba6 20. Qe3 f5 21. Rg6 Rf7 22. h5 Nf8 23. Re1 Nd3 0-1


[Site "https://www.chess.com"]

[Event "Titled Tuesday Blitz June 21 Early 2022"]
[White "Fedoseev, Vladimir"]
[Black "Yang, Kaiqi"]
[WhiteFideId "24130737"]
[BlackFideId "8604398"]
[WhiteElo "2726"]
[BlackElo "2373"]
[Result "1-0"]
[Round "04"]
[TimeControl "180+1"]
[Date "2022.06.21"]
[WhiteClock "0:00:10"]
[BlackClock "0:00:02"]

1. e4 c5 2. Nf3 e6 3. c3 Nf6 4. d4 Nxe4 5. Bd3 d5 6. Qe2 Nf6 7. Bg5 Be7 8. Bxf6 gxf6 9. Nbd2 c4 10. Bc2 Nc6 11. O-O Qc7 12. Rae1 Bd7 13. b4 h5 14. b5 Na5 15. a4 h4 16. Kh1 O-O-O 17. Ng1 Bd6 18. Ndf3 Rdg8 19. Nh3 Re8 20. Qe3 Kb8 21. Rd1 Bc8 22. Rfe1 f5 23. Ne5 f6 24. Nf3 Qf7 25. Kg1 e5 26. dxe5 fxe5 27. Nfg5 Qg6 28. Rxd5 Bc7 29. Red1 Rh5 30. Nf3 Qg7 31. Kf1 f4 32. Qe2 Bxh3 33. gxh3 Rg8 34. Ke1 e4 35. Rxh5 Qxc3+ 36. Kf1 exf3 37. Qe6 Qg7 38. Qg4 Qf7 39. Rf5 Qe8 40. Re1 Qc8 41. Rg5 Rd8 42. Qxc8+ Kxc8 43. Bf5+ Kb8 44. Bg4 c3 45. Rg7 Nb3 46. Bxf3 c2 47. Kg2 c1=Q 48. Rxc1 Nxc1 49. a5 Nb3 50. b6 axb6 51. axb6 Be5 52. Rxb7+ Kc8 53. Ra7 Bd4 54. Bg4+ Kb8 55. Bf3 Bxb6 56. Rb7+ Kc8 57. Rxb6 Nd4 58. Bg4+ Kc7 59. Rf6 f3+ 60. Bxf3 Rg8+ 61. Bg4 Nc6 62. Rh6 Ne5 63. Rxh4 Kd6 64. Kg3 Kd5 65. Rh7 Kd4 66. Re7 Nd3 67. f4 Nc5 68. Kf3 Ra8 69. Bf5 Ra3+ 70. Kg4 Kd5 71. h4 Kd6 72. Re5 Ra2 73. Kg3 Ra3+ 74. Kf2 Ra2+ 75. Re2 Ra4 76. Kg3 Ra3+ 77. Kg4 Ra4 78. h5 Nd7 79. Rd2+ 1-0


[Site "https://www.chess.com"]